 Dungeon Crawl Stone Soup version 0.23-a0-189-gc87c613 (webtiles) character file.

1725 Felrender the Slasher (level 8, -3/64 HPs)
             Began as a Demonspawn Fighter on Sept 24, 2018.
             Was a Believer of Trog.
             Killed by divine providence
             ... invoked by an orc priest
              (11 damage)
             ... on level 6 of the Dungeon.
             The game lasted 00:12:52 (4600 turns).

Felrender the Slasher (Demonspawn Fighter)          Turns: 4600, Time: 00:12:53

Health: -3/64      AC: 23    Str: 19    XL:     8   Next: 75%
Magic:  8/8        EV:  6    Int:  9    God:    Trog [**....]
Gold:   272        SH: 10    Dex: 13    Spells: 7/7 levels left

rFire    + . .     SeeInvis .   a - +0 long sword
rCold    + . .     Gourm    .   c - +0 shield
rNeg     . . .     Faith    .   r - +0 chain mail
rPois    .         Spirit   .   k - +2 hat
rElec    .         Reflect  .   (no cloak)
rCorr    .         Harm     .   (no gloves)
MR       .....                  (no boots)
Stlth    ..........             (no amulet)
HPRegen  0.20/turn              v - ring of stealth
MPRegen  0.11/turn              z - +5 ring of slaying

@: no status effects
A: horns 1, talons 2, iridescent scales 1, cold resistance 1, fire resistance 1,
icemail, freezing cloud immunity, MP-powered wands
a: Berserk, Trog's Hand, Renounce Religion


You were on level 6 of the Dungeon.
You worshipped Trog.
Trog was pleased with you.
You were not hungry.

You visited 1 branch of the dungeon, and saw 6 of its levels.

You collected 272 gold pieces.

Inventory:

Hand Weapons
 a - a +0 long sword (weapon)
 q - a +0 hunting sling
Missiles
 g - 6 javelins (quivered)
 p - 39 sling bullets
Armour
 c - a +0 shield (worn)
 k - a +2 hat (worn)
 r - a +0 chain mail (worn)
Jewellery
 v - a ring of stealth (left hand)
 z - a +5 ring of slaying (right hand)
Wands
 f - a wand of paralysis (12)
 w - a wand of iceblast (10)
Scrolls
 e - 3 scrolls of teleportation
 j - 2 scrolls of remove curse
 o - a scroll of fear
 s - 3 scrolls of amnesia
 x - a scroll of fog
Potions
 b - a potion of mutation
 d - a potion of might
 h - 5 potions of curing
 i - a potion of lignification
 l - 2 potions of invisibility
 n - 2 potions of degeneration
 t - a potion of heal wounds
 u - 3 potions of brilliance {unknown}
Comestibles
 m - 6 rations
 A - 4 chunks of flesh


   Skills:
 * Level 5.7 Fighting
 * Level 7.4 Long Blades
 + Level 4.1 Armour
 + Level 2.2 Dodging
 + Level 0.1 Stealth
 + Level 4.9 Shields


You had 7 spell levels left.
You didn't know any spells.
Your spell library was empty.

Dungeon Overview and Level Annotations

Branches:
Dungeon (6/15)             Temple (0/1) D:4

Altars:
Kikubaaqudgha
Nemelex Xobeh
Okawaru
Ru
Trog
The Shining One

Annotations:
D:3 1 runed door


Innate Abilities, Weirdness & Mutations

You have razor-sharp toenails.
You are partially covered in iridescent scales. (AC +2)
Your flesh is cold resistant. (rC+)
A meltable icy envelope protects you from harm. (AC +10)
You are immune to freezing clouds.
You have a pair of small horns on your head.
Your flesh is heat resistant. (rF+)
You expend magic power (3 MP) to strengthen your wands.


Message History

The orc priest miscasts a cantrip.
The orc warrior hits you with a long sword.
The orc priest mumbles some strange prayers to Beogh against you.
Beogh smites you!
You closely miss the orc warrior. Your kick misses the orc warrior.
You headbutt the orc warrior.
The orc warrior is moderately wounded.
The orc warrior hits you with a long sword!
The orc priest calls upon Beogh to heal the orc warrior.
The orc warrior's wounds heal themselves!
You closely miss the orc warrior.
You claw the orc warrior, but do no damage.
The orc warrior hits you with a long sword.
The orc priest calls down the wrath of Beogh upon you.
Beogh smites you!
* * * LOW HITPOINT WARNING * * *
You closely miss the orc warrior.
The orc priest mumbles some strange prayers to Beogh against you.
Beogh smites you!
You die...

.....# #.........# #####.#.
....># #........[# ##..)....
.......
######..#####..###.##
....##..
...................## ....#
### #######..............
....# #.........###### ####
#.#รท......######
.....########.#.......#.....
........ooo@........)(..####
.........######.......###
.....##### #.......# (...
######### ##


You could see an orc warrior and 2 orc priests.

Vanquished Creatures
  Eustachio (D:6)
  A water moccasin (D:6)
  An orc warrior (D:4)
  A phantom (D:5)
  An ogre (D:4)
  3 centaurs
  A big kobold (D:6)
  A bullfrog (D:6)
  A howler monkey (D:4)
  2 crimson imps (D:5)
  A jelly (D:6)
  2 orc wizards
  A quasit (D:6)
  An iguana (D:6)
  A bullfrog skeleton (D:5)
  3 hounds
  6 worker ants
  Robin (D:3)
  7 gnolls
  11 adders
  2 shadow imps (D:6)
  An adder skeleton (D:3)
  3 worms
  3 dart slugs
  4 leopard geckos
  11 orcs
  A ball python (D:5)
  4 bats
  10 giant cockroaches
  18 goblins
  9 hobgoblins
  21 jackals
  10 kobolds
  A quokka (D:4)
  7 frilled lizards
  2 leopard gecko skeletons
  6 rats
160 creatures vanquished.

Vanquished Creatures (others)
  A withered plant (D:6)
1 creature vanquished.

Grand Total: 161 creatures vanquished

Notes
Turn   | Place    | Note
-------+----------+-------------------------------------------
     0 | D:1      | Felrender the Demonspawn Fighter began the quest for the
                  | Orb.
     0 | D:1      | Reached XP level 1. HP: 18/18 MP: 1/1
   136 | D:1      | Gained mutation: You have sharp toenails. [demonic
                  | ancestry]
   136 | D:1      | Reached XP level 2. HP: 17/24 MP: 2/2
   341 | D:1      | Reached skill level 2 in Long Blades
   707 | D:1      | Gained mutation: You are partially covered in iridescent
                  | scales. (AC +2) [demonic ancestry]
   707 | D:1      | Reached XP level 3. HP: 27/29 MP: 3/3
  1326 | D:2      | Gained mutation: Your flesh is cold resistant. (rC+)
                  | [demonic ancestry]
  1326 | D:2      | Reached XP level 4. HP: 36/36 MP: 4/4
  1790 | D:2      | Found a sacrificial altar of Ru.
  2129 | D:3      | Found a glowing golden altar of the Shining One.
  2129 | D:3      | Found a runed door.
  2129 | D:3      | Noticed an angel
  2157 | D:3      | Reached skill level 3 in Long Blades
  2157 | D:3      | Gained mutation: You have razor-sharp toenails. [demonic
                  | ancestry]
  2157 | D:3      | Reached XP level 5. HP: 33/42 MP: 5/5
  2382 | D:3      | Found a bloodstained altar of Trog.
  2404 | D:3      | Became a worshipper of Trog the Wrathful
  2439 | D:3      | Gained mutation: You have a pair of small horns on your
                  | head. [potion of mutation]
  2439 | D:3      | Gained mutation: You expend magic power (3 MP) to
                  | strengthen your wands. [potion of mutation]
  2439 | D:3      | Gained mutation: Your flesh is heat resistant. (rF+)
                  | [potion of mutation]
  2463 | D:3      | Reached skill level 1 in Dodging
  2673 | D:3      | Noticed Robin
  2680 | D:3      | Killed Robin
  2922 | D:4      | Noticed an ogre
  2925 | D:4      | Noticed an orc warrior
  2943 | D:4      | Reached * piety under Trog
  2945 | D:4      | Killed an ogre
  2945 | D:4      | Gained mutation: You are immune to freezing clouds.
                  | [demonic ancestry]
  2945 | D:4      | Reached XP level 6. HP: 22/49 MP: 6/6
  2955 | D:4      | Killed an orc warrior
  2955 | D:4      | Reached skill level 4 in Long Blades
  3416 | D:4      | Gained mutation: A meltable icy envelope protects you from
                  | harm. (AC +10) [demonic ancestry]
  3416 | D:4      | Reached XP level 7. HP: 55/55 MP: 7/7
  3454 | D:4      | Found a staircase to the Ecumenical Temple.
  3572 | D:5      | Entered Level 5 of the Dungeon
  3652 | D:5      | Reached ** piety under Trog
  3686 | D:5      | Reached skill level 5 in Long Blades
  3769 | D:5      | Reached skill level 5 in Fighting
  4043 | D:5      | Reached XP level 8. HP: 61/62 MP: 8/8
  4155 | D:5      | Reached skill level 6 in Long Blades
  4291 | D:6      | Noticed Eustachio
  4313 | D:6      | Killed Eustachio
  4331 | D:6      | Reached skill level 7 in Long Blades
  4345 | D:6      | Found a sparkling altar of Nemelex Xobeh.
  4431 | D:6      | Found an ancient bone altar of Kikubaaqudgha.
  4519 | D:6      | Found an iron altar of Okawaru.
  4600 | D:6      | Killed from afar by an orc priest

Vault maps used:
D:1:      mainiacjoe_arrival_reflecting_pool
D:2:      overflow_temple_1_default
D:3:      kennysheep_goblin_castle, overflow_temple_1_default, first_ration,
          lemuel_angel_altar
D:4:      temple_green
D:6:      kiku_gazebo_garden_becter, old_standard_altar,
          okawaru_metal_pillars_1_2, uniq_eustachio

Skill      XL: |  1  2  3  4  5  6  7  8 |
---------------+-------------------------+-----
Long Blades    | 2 3 4 5 7 |  7.4
Shields        | 3 4 |  4.9
Armour         | 3 4 |  4.1
Fighting       | 4 5 |  5.7
Dodging        | 1 2 |  2.2
Stealth        | |  0.1

Action                   |  1- 3 |  4- 6 |  7- 9 || total
-------------------------+-------+-------+-------++-------
Melee: Long sword        |    99 |   201 |   159 ||   459
       Kick              |    19 |    47 |    53 ||   119
       Headbutt          |       |    15 |    27 ||    42
  Use: Scroll            |     9 |     3 |     6 ||    18
       Potion            |       |     3 |       ||     3
  Eat: Ration            |     1 |       |       ||     1
       Chunk             |       |     5 |     4 ||     9
Armor: Scale mail        |    58 |   105 |    32 ||   195
       Skin              |       |    18 |       ||    18
       Chain mail        |       |       |    71 ||    71
Dodge: Dodged            |    22 |    79 |    37 ||   138
Block: Shield            |    38 |   112 |    88 ||   238
       Rpst.: Long sword |     7 |    33 |    10 ||    50

Table legend:
 A = Non-vault XP
 B = Vault XP
 C = Vault XP percentage of total XP
 D = Non-vault monster count
 E = Vault monster count
 F = Vault count percentage of total count
                 A         B        C        D         E       F
            +---------+---------+-------+---------+---------+-------
      Total |    2222 |     243 |   9.9 |     139 |      21 |  13.1
            +---------+---------+-------+---------+---------+-------
        D:1 |      43 |       0 |   0.0 |      22 |       0 |   0.0
        D:2 |     114 |       0 |   0.0 |      25 |       0 |   0.0
        D:3 |     104 |      52 |  33.3 |      22 |      20 |  47.6
        D:4 |     471 |       0 |   0.0 |      25 |       0 |   0.0
        D:5 |     736 |       0 |   0.0 |      24 |       0 |   0.0
        D:6 |     754 |     191 |  20.2 |      21 |       1 |   4.5
            +---------+---------+-------+---------+---------+-------
